 Dungeon Crawl Stone Soup version 0.30-a0-760-g5a9884bb7c (webtiles) character file.

Game seed: 17661669407600240603

35 Orangeyouglad the Chiller (level 3, -1/24 HPs)
             Began as a Human Ice Elementalist on Feb 10, 2023.
             Slain by Robin
             ... wielding a +6 heavy spear
              (11 damage)
             ... on level 2 of the Dungeon.
             The game lasted 00:02:28 (960 turns).

Orangeyouglad the Chiller (Human Ice Elementalist)   Turns: 960, Time: 00:02:28

Health: -1/24      AC:  3    Str:  8    XL:     3   Next: 52%
Magic:  6/6        EV: 12    Int: 17    God:
Gold:   61         SH:  0    Dex: 13    Spells: 2/6 levels left

rFire   . . .      SeeInvis .    c - +3 dagger
rCold   . . .      Faith    .    (no shield)
rNeg    . . .      Spirit   .    a - +0 robe
rPois   .          Reflect  .    (no helmet)
rElec   .          Harm     .    (no cloak)
rCorr   .          Rampage  .    (no gloves)
Will    .....                    d - +0 pair of boots
Stlth   ++                       (no amulet)
HPRegen 0.24/turn                (no ring)
MPRegen 0.10/turn                (no ring)

@: freezing walls
A: no striking features
a: no special abilities


You were on level 2 of the Dungeon.
You visited 1 branch of the dungeon, and saw 2 of its levels.

You collected 61 gold pieces.

Inventory:

Hand Weapons
 c - a +3 dagger (weapon)
Armour
 a - a +0 robe (worn)
 d - a +0 pair of boots (worn)
Magical Staves
 j - a staff of poison
Scrolls
 f - a scroll of enchant armour {unknown}
Potions
 e - 2 potions of haste {unknown}
 g - 2 potions of heal wounds {unknown}
 h - 2 potions of curing {unknown}
 i - a potion of attraction {unknown}


   Skills:
 + Level 2.4 Dodging
 + Level 2.5 Stealth
 + Level 2.4 Spellcasting
 + Level 4.2 Ice Magic


You had 2 spell levels left.
You knew the following spells:

 Your Spells              Type           Power      Damage    Failure   Level
a - Freeze                Ice            64%        1d7       3%          1
b - Frozen Ramparts       Ice            32%        1d5       10%         3

Your spell library contained the following spells:

 Spells                   Type           Power      Damage    Failure   Level
 Ozocubu's Armour         Ice            16%        N/A       10%         3
 Summon Ice Beast         Ice/Summ       9%         N/A       58%         4


Dungeon Overview and Level Annotations

Branches:
Dungeon (2/15)

Altars:

Annotations:
D:2 Robin


Message History

The wall freezes the hobgoblin.
The wall freezes the goblin.
You kill the goblin!
The wall freezes the hobgoblin.
You kill the hobgoblin!
The wall freezes the hobgoblin.
The hobgoblin closely misses you.
The wall freezes the hobgoblin but does no damage.
The hobgoblin hits you.
The wall freezes the hobgoblin.
The hobgoblin barely misses you.
The frozen ramparts melt away.
The hobgoblin barely misses you.
Casting: Frozen Ramparts (quite dangerous; 10% risk of failure)
Confirm with . or Enter, or press ? or * to list all spells.
The spell is quite dangerous to miscast (10% risk of failure)!
Continue anyway?
Casting: Frozen Ramparts (quite dangerous; 10% risk of failure)
Press: ? - help, Dir - look around, f - activate The walls around you are covered in ice.
The wall freezes the hobgoblin.
You kill the hobgoblin!
The wall freezes Robin.
Robin roars a battlecry!
The hobgoblin goes into a battle-frenzy!
You hear a shout! x2
The wall freezes Robin.
Robin hits you from afar with a +6 heavy spear!
The wall freezes the hobgoblin.
A goblin comes into view. It is wielding a +0 club.
The wall freezes the hobgoblin.
You kill the hobgoblin!
The wall freezes Robin.
Robin barely misses you.
Okay, then.
Aiming: Freeze (safe; 3% risk of failure)
Press: ? - help, Q - select action Shift-Dir - straight line, f - hobgoblin
Aim: a hobgoblin (strong)
You freeze the hobgoblin.
You kill the hobgoblin!
A goblin comes into view. It is wielding a +0 club.
Sorry, you're not good enough to have a special ability.
Okay, then.
Magic courses through your body.
The wall freezes Robin.
Robin hits you from afar with a +6 heavy spear!
You die...

#.......... #.#..# .g.......
#....# .g ..g>..##### ###.##
..gg##...g...# ###.##
..gg.....# #.# #.....
#######.g###.# #.#.#. #.g..#.#
#.#.#. ##†#.#.######.#.#.
.#@.#....[.....#...
#........###########
###......##### #########
##.........# #.......#
....####.##.#### #.......##
#####..........# +.........
#.#.###.##.#
###.......#.#.#####.#.....##.#
............#.......########.#


You could see Robin and 2 goblins.

Vanquished Creatures
  2 dart slugs (D:1)
  4 ball pythons
  2 endoplasms (D:1)
  2 giant cockroaches
  3 goblins
  7 hobgoblins
  3 kobolds (D:1)
  3 frilled lizards (D:1)
  A rat (D:1)
27 creatures vanquished.

Vanquished Creatures (others)
  3 fungi (D:2)
  A plant (D:2)
4 creatures vanquished.

Grand Total: 31 creatures vanquished

Notes
Turn   | Place    | Note
-------+----------+-------------------------------------------
     0 | D:1      | Orangeyouglad the Human Ice Elementalist began the quest
                  | for the Orb.
     0 | D:1      | Reached XP level 1. HP: 13/13 MP: 3/3
    72 | D:1      | Reached XP level 2. HP: 15/19 MP: 0/5
   496 | D:1      | Reached XP level 3. HP: 20/24 MP: 1/6
   834 | D:1      | Learned a level 3 spell: Frozen Ramparts
   942 | D:2      | Found a faded altar of an unknown god.
   944 | D:2      | Noticed Robin
   960 | D:2      | Slain by Robin

Illustrated notes

Levels and vault maps discovered:
D:1:      psy_arrival_basics, layout_rooms, serial_forest,
          infiniplex_forest_clump_medium, infiniplex_forest_end_1,
          infiniplex_forest_straight_1, infiniplex_forest_end_double,
          infiniplex_forest_clump_small, infiniplex_forest_straight_3,
          infiniplex_forest_end_3, infiniplex_forest_clump_C
D:2:      layout_basic, dreamdust_ecumenical_altar_grove, basic_altar,
          uniq_jessica, uniq_robin

Action                     || total
---------------------------++-------
  Melee: Dagger            ||    20
   Cast: Freeze            ||    20
         Frozen Ramparts   ||     2
    Use: Potion            ||     1
   Stab: Sleeping          ||     1
 Armour: Robe              ||     7
  Dodge: Dodged            ||    25

Table legend: (Time is in decaauts)
 A = Elapsed time spent in this place.
 B = Non-inter-level travel time spent in this place.
 C = Inter-level travel time spent in this place.
 D = Time resting spent in this place.
 E = Time spent auto-exploring this place.
 F = Levels seen in this place.
 G = Mean time per level.
                   A        B        C        D        E       F      G
               +--------+--------+--------+--------+--------+-----+--------+
         Total |    959 |    919 |     40 |      0 |    673 |   2 |  479.5 |
       Dungeon |    959 |    919 |     40 |      0 |    673 |   2 |  479.5 |
               +--------+--------+--------+--------+--------+-----+--------+

Top non-repeatable levels by time:
     D:1: 778 daAuts
     D:2: 181 daAuts
